 Dungeon Crawl Stone Soup version 0.19.1 (webtiles) character file.

12412 galech the Cleaver (level 11, -6/104 HPs)
             Began as a Deep Dwarf Fighter on Dec 10, 2016.
             Was a Priest of Elyvilon.
             Mangled by a spiny frog (19 damage)
             ... on level 1 of the Lair of Beasts.
             The game lasted 01:07:53 (9514 turns).

galech the Cleaver (Deep Dwarf Fighter)             Turns: 9514, Time: 01:07:54

Health: -6/104     AC: 12    Str: 24    XL:     11   Next: 62%
Magic:  1/12       EV: 10    Int:  8    God:    Elyvilon [***...]
Gold:   1200       SH: 12    Dex: 12    Spells: 0 memorised, 10 levels left

rFire  . . .     SeeInvis .     a - +0 war axe
rCold  + + .     Gourm    .     D - +0 ring mail {rF+}
rNeg   . . .     Faith    .     c - +0 shield
rPois  .         Spirit   .     f - +2 helmet
rElec  .         Reflect  .     (no cloak)
rCorr  .         Harm     .     (no gloves)
MR     +....     Rnd*Tele +     L - +0 pair of boots
Stlth  ++........               C - amulet "Jyadil" {Fragile Regen+ Slay+5 Stlth+}
                                G - ring of protection from cold
                                q - ring of ice

@: lethally poisoned (-6 -> -8), non-regenerating
A: damage resistance, recharge devices, blurry vision 1, sense surroundings 2,
slow regeneration 3, teleportitis 1, MP-powered wands
a: Device Recharging, Lesser Healing, Heal Other, Purification, Divine
Protection, Renounce Religion


You were on level 1 of the Lair of Beasts.
You worshipped Elyvilon.
Elyvilon was most pleased with you.
You were not hungry.

You visited 3 branches of the dungeon, and saw 12 of its levels.
You also visited: Bailey and Ice Cave.

You collected 1200 gold pieces.

Inventory:

Hand Weapons
 a - a +0 war axe (weapon)
 X - the +8 hand crossbow "Coul" {speed, rF+ Int+3}
   (You found it on level 8 of the Dungeon)

   Attacks with this weapon are significantly faster.
   It affects your intelligence (+3).
   It protects you from fire.
Missiles
 W - 105 bolts (quivered)
Armour
 c - a +0 shield (worn)
 f - a +2 helmet (worn)
 D - a +0 ring mail of fire resistance (worn)
 L - a +0 pair of boots (worn)
Jewellery
 m - an uncursed ring of protection from magic
 q - a ring of ice (left hand)
 C - the amulet "Jyadil" (around neck) {Fragile Regen+ Slay+5 Stlth+}
   (You took it off a kobold on level 4 of the Dungeon)

   [amulet of regeneration]

   It affects your accuracy and damage with ranged weapons and melee attacks
   (+5).
   It increases your rate of regeneration.
   It will be destroyed if unequipped.
   It makes you more stealthy.
 G - a ring of protection from cold (right hand)
 I - a +5 amulet of reflection {unknown}
 K - an uncursed ring of resist corrosion
 M - a cursed amulet of inaccuracy {unknown}
Wands
 e - a wand of heal wounds (2/9)
 l - a wand of slowing (31/48)
 n - a wand of polymorph (12/24)
 N - a wand of teleportation (4/9)
Scrolls
 g - 4 scrolls of remove curse
 h - 5 scrolls of random uselessness {unknown}
 i - 2 scrolls of amnesia {unknown}
 j - 6 scrolls of teleportation {unknown}
 p - 3 scrolls of blinking {unknown}
 t - a scroll of noise {unknown}
 v - 4 scrolls of enchant weapon {unknown}
 x - 2 scrolls of fog {unknown}
 y - 3 scrolls of immolation {unknown}
 E - 4 scrolls of recharging {unknown}
 F - a scroll of magic mapping {unknown}
 O - a scroll of enchant armour {unknown}
 R - 2 scrolls of fear {unknown}
 V - a scroll of silence {unknown}
Potions
 d - 3 potions of might
 k - 5 potions of curing
 o - 4 potions of haste
 u - a potion of agility
 B - 2 potions of flight
 P - a potion of cancellation {unknown}
 Q - a potion of heal wounds {unknown}
 S - a potion of resistance {unknown}
 U - a potion of invisibility
 Y - a potion of magic {unknown}
 Z - a potion of degeneration {unknown}
Books
 A - a book of Changes

   Spells                             Type                      Level
   a - Beastly Appendage              Transmutation                1
   b - Sticks to Snakes               Transmutation                2
   c - Spider Form                    Transmutation/Poison         3
   d - Ice Form                       Ice/Transmutation            4
   e - Blade Hands                    Transmutation                5
 H - a book of Geomancy

   Spells                             Type                      Level
   a - Sandblast                      Earth                        1
   b - Passwall                       Transmutation/Earth          2
   c - Stone Arrow                    Conjuration/Earth            3
   d - Petrify                        Transmutation/Earth          4
   e - Lee's Rapid Deconstruction     Earth                        5
Comestibles
 s - 4 meat rations
 w - 11 slices of pizza
 J - a bread ration
 T - 2 beef jerkies


   Skills:
 + Level 8.3 Fighting
 + Level 10.0 Axes
 + Level 4.7 Crossbows
 + Level 9.9 Armour
 - Level 1.8 Dodging
 - Level 0.3 Stealth
 + Level 9.9 Shields
 + Level 7.2 Invocations


You had 10 spell levels left.
You didn't know any spells.

Dungeon Overview and Level Annotations

Branches:
Dungeon (10/15)            Temple (1/1) D:6            Lair (1/6) D:10
    Orc: D:9-12

Altars:
Ashenzari
Cheibriados
Dithmenos
Elyvilon
Fedhas
Gozag
Hepliaklqana
Kikubaaqudgha
Makhleb
Nemelex Xobeh
Okawaru
Qazlal
Ru
Sif Muna
Trog
Uskayaw
Vehumet
Xom
Yredelemnul
Zin
The Shining One

Shops:
D:4 *


Innate Abilities, Weirdness & Mutations

You are resistant to damage.
You can recharge devices by infusing magical energy.
You passively map the area around you.
You do not regenerate.
Scrolls take you a little longer to read.
You are occasionally teleported next to monsters.
You expend magic power (3 MP) to strengthen your wands.


Message History

* * * LOW HITPOINT WARNING * * *
You are too injured to fight recklessly!
You are too injured to fight recklessly!
You are too injured to fight recklessly!
You are healed.
You feel somewhat more hungry. You block the spiny frog's attack.
You are too injured to fight recklessly!
You are too injured to fight recklessly!
You slash the spiny frog!
The spiny frog is heavily wounded.
You block the spiny frog's attack.
You barely miss the spiny frog.
The spiny frog is heavily wounded.
You block the spiny frog's attack. The spiny frog stings you!!
* * * LOW HITPOINT WARNING * * *
You are more poisoned.
The spiny frog poisons you!
You are healed.
You feel somewhat more hungry.
You feel sick. The spiny frog stings you!!
You die...

* #.. , ..., , .. *
#.. * ##..., ... #..
#.. ,
##P...###.####.....
#.. , ,
..........%.......#*
#..
..................#
#[. ,,,
..................#
#.. , *
#.................#
##.. , *
#.........F.......#
#...
*.........@........#
##.. ,
*#.................##
#..
#...........#.....P#
#..
#.....P.###.......##
#.. , * #.....###
##P....%.#####.. , *
*......*
##........>.... ,
......*
#.....######## ,
...... #......# *
....., #.....## ,


You could see a spiny frog.

Vanquished Creatures
  The ghost of Uhlv the Basher, a journeyman VSMo of Okawaru (Bailey)
  A hill giant (D:10)
  An orc knight (Bailey)
  2 ugly things (IceCv)
  The ghost of Quirk the Chopper, a novice MiFi of Ashenzari (D:5)
  A centaur zombie (D:10)
  A spiny frog (Lair:1)
  2 trolls
  A two-headed ogre (D:10)
  A hippogriff (D:9)
  Sigmund (D:5)
  2 hogs (D:10)
  5 yaks (D:10)
  A wyvern (D:9)
  A human (D:10)
  A steam dragon (D:7)
  Menkaure (D:6)
  A porcupine (Lair:1)
  2 water moccasins
  15 ice beasts
  7 orc warriors
  3 sky beasts
  3 black bears
  5 ogres
  A phantom (D:9)
  7 centaurs
  2 big kobolds
  Blork the orc (D:4)
  2 bullfrogs (D:10)
  A scorpion (D:9)
  10 killer bees (D:8)
  An electric eel (D:10)
  3 howler monkeys (D:9)
  A bullfrog zombie (D:10)
  2 crimson imps (D:10)
  3 jellies
  2 centaur skeletons
  7 orc priests
  A gnoll shaman (D:7)
  3 hounds
  12 orc wizards
  A bullfrog skeleton (D:10)
  Natasha (twice) (D:4)
  3 iguanas
  4 worker ants
  A hound zombie (D:7)
  A worker ant zombie (D:5)
  15 gnolls
  9 adders
  5 shadow imps
  An adder zombie (D:9)
  5 worms
  5 leopard geckos
  42 orcs
  2 ball pythons
  7 giant cockroaches
  12 goblins
  4 hobgoblins
  13 jackals
  42 kobolds
  4 quokkas
  2 frilled lizards
  A giant cockroach zombie (D:5)
  A quokka skeleton (D:4)
  4 rats
  2 plants (D:4)
307 creatures vanquished.

Vanquished Creatures (others)
  3 plants (D:4)
3 creatures vanquished.

Grand Total: 310 creatures vanquished

Notes
Turn   | Place    | Note
-------+----------+-------------------------------------------
     0 | D:1      | galech the Deep Dwarf Fighter began the quest for the Orb.
     0 | D:1      | Reached XP level 1. HP: 20/20 MP: 1/1
   268 | D:1      | Reached XP level 2. HP: 24/27 MP: 2/2
   787 | D:2      | Reached XP level 3. HP: 24/33 MP: 3/3
  1128 | D:2      | Reached skill level 3 in Axes
  1142 | D:2      | Reached XP level 4. HP: 20/40 MP: 4/4
  1588 | D:3      | Found a deep blue altar of Sif Muna.
  1658 | D:3      | Found a bloodstained altar of Trog.
  1699 | D:3      | Found a deep blue altar of Sif Muna.
  1941 | D:4      | Noticed a big kobold
  1967 | D:4      | Killed a big kobold
  1967 | D:4      | Reached skill level 4 in Axes
  1967 | D:4      | Reached XP level 5. HP: 31/49 MP: 5/5
  1994 | D:4      | Got a fine steel amulet
  2003 | D:4      | Identified the amulet "Jyadil" {Fragile Regen+ Slay+5 Stlth+} (You took it off a kobold on level 4 of the Dungeon)
  2150 | D:4      | Noticed a sky beast
  2198 | D:4      | Killed a sky beast
  2198 | D:4      | Reached skill level 1 in Dodging
  2198 | D:4      | Reached XP level 6. HP: 34/56 MP: 6/6
  2203 | D:4      | Gained mutation: Scrolls take you a little longer to read. [mutagenic meat]
  2238 | D:4      | Noticed Blork the orc
  2273 | D:4      | Killed Blork the orc
  2273 | D:4      | Reached skill level 5 in Axes
  2447 | D:4      | Reached skill level 5 in Armour
  2447 | D:4      | Reached XP level 7. HP: 36/64 MP: 6/6
  2467 | D:4      | Found Cean's Assorted Antiques.
  2477 | D:4      | Noticed Natasha
  2485 | D:4      | Killed Natasha
  2541 | D:4      | Found a burning altar of Makhleb.
  2541 | D:4      | Noticed an Executioner
  2545 | D:4      | Noticed a hellwing
  2545 | D:4      | Noticed a hellwing
  2607 | D:4      | Reached skill level 5 in Shields
  2766 | D:4      | Noticed Natasha
  2773 | D:4      | Killed Natasha
  2841 | D:5      | Entered Level 5 of the Dungeon
  3046 | D:5      | Noticed Quirk's ghost (novice MiFi)
  3094 | D:5      | Killed Quirk's ghost
  3094 | D:5      | Reached skill level 5 in Fighting
  3094 | D:5      | Reached skill level 6 in Axes
  3094 | D:5      | Reached XP level 8. HP: 51/74 MP: 7/7
  3246 | D:5      | Noticed Sigmund
  3254 | D:5      | Killed Sigmund
  3539 | D:6      | Found a staircase to the Ecumenical Temple.
  3567 | Temple   | Entered the Ecumenical Temple
  3654 | Temple   | Became a worshipper of Elyvilon the Healer
  3904 | D:6      | Found a stormy altar of Qazlal.
  3940 | D:6      | Reached skill level 7 in Axes
  4160 | D:6      | Noticed Menkaure
  4171 | D:6      | Killed Menkaure
  4181 | D:6      | Reached * piety under Elyvilon
  4591 | D:7      | Gained mutation: You passively map the area around you. [Deep Dwarf growth]
  4591 | D:7      | Reached XP level 9. HP: 76/82 MP: 7/7
  5209 | D:8      | Got a silken robe
  5220 | D:8      | Got an ichor-stained hand crossbow
  5356 | D:8      | Reached skill level 8 in Axes
  5416 | D:8      | Identified the +8 hand crossbow "Coul" {speed, rF+ Int+3} (You found it on level 8 of the Dungeon)
  5429 | D:8      | Identified the cursed +1 robe of Fanaticism {rPois Int+5} (You found it on level 8 of the Dungeon)
  5624 | D:8      | You fall through a shaft!
  5633 | D:9      | Found a flagged portal.
  5650 | Bailey   | Entered a bailey
  5657 | Bailey   | Reached ** piety under Elyvilon
  5658 | Bailey   | Noticed Uhlv's ghost (journeyman VSMo)
  5683 | Bailey   | Killed Uhlv's ghost
  5776 | Bailey   | Noticed an orc knight
  5792 | Bailey   | Killed an orc knight
  5792 | Bailey   | Reached XP level 10. HP: 60/92 MP: 8/10
  6276 | D:9      | Found an iron altar of Okawaru.
  6626 | D:8      | Reached skill level 1 in Crossbows
  6916 | D:8      | Found a sacrificial altar of Ru.
  7054 | D:9      | Reached skill level 9 in Axes
  7095 | D:9      | Reached *** piety under Elyvilon
  7214 | D:9      | Gained mutation: You are occasionally teleported next to monsters. [mutagenic meat]
  7216 | D:9      | Gained mutation: You expend magic power (3 MP) to strengthen your wands. [mutagenic meat]
  8111 | D:9      | Reached skill level 5 in Invocations
  8153 | D:10     | Entered Level 10 of the Dungeon
  8260 | D:10     | Noticed a hill giant
  8276 | D:10     | Killed a hill giant
  8345 | D:10     | Reached XP level 11. HP: 49/102 MP: 9/13
  8972 | D:10     | Found a snail-covered altar of Cheibriados.
  9105 | D:10     | Found a staircase to the Lair.
  9134 | Lair:1   | Entered Level 1 of the Lair of Beasts
  9201 | Lair:1   | Found a frozen archway.
  9337 | IceCv    | Entered an ice cave
  9337 | IceCv    | Noticed a white ugly thing
  9366 | IceCv    | Killed a white ugly thing
  9366 | IceCv    | Reached skill level 10 in Axes
  9425 | IceCv    | Noticed a white ugly thing
  9443 | IceCv    | Killed a white ugly thing
  9514 | Lair:1   | Mangled by a spiny frog

Skill      XL: |  1  2  3  4  5  6  7  8  9 10 11 |
---------------+----------------------------------+-----
Armour         | 4 5 6 8 9 |  9.9
Axes           | 3 4 5 6 7 8 9 10 | 10.0
Fighting       | 3 4 5 6 7 8 |  8.3
Shields        | 4 5 6 8 9 |  9.9
Dodging        | 1 |  1.8
Invocations    | 3 5 7 |  7.2
Crossbows      | 3 4 |  4.7
Stealth        | |  0.3

Action                   |  1- 3 |  4- 6 |  7- 9 | 10-12 || total
-------------------------+-------+-------+-------+-------++-------
Melee: War axe           |    66 |   202 |   301 |   412 ||   981
 Fire: Hand crossbow     |       |       |       |    60 ||    60
Throw: Tomahawk          |       |       |    30 |     7 ||    37
Invok: Lesser Healing    |       |       |    23 |    76 ||    99
 Abil: Device Recharging |       |     1 |     1 |     2 ||     4
Evoke: Wand              |       |     5 |     7 |     5 ||    17
  Use: Scroll            |       |       |     8 |     1 ||     9
  Eat: Bread ration      |     1 |       |       |     2 ||     3
       Chunk             |       |     2 |    14 |    18 ||    34
       Pizza             |       |       |       |     1 ||     1
       Royal jelly       |       |       |       |     1 ||     1
Armor: Scale mail        |    24 |   101 |   164 |    35 ||   324
       Ring mail         |       |       |       |   117 ||   117
Dodge: Dodged            |    20 |    53 |   150 |   167 ||   390
Block: Shield            |    28 |    92 |   263 |   273 ||   656
